 Dungeon Crawl Stone Soup version 0.19-a0-1937-g70ed36a (webtiles) character file.

261 Dunking the Poker (level 5, -2/46 HPs)
             Began as a Centaur Chaos Knight on Oct 26, 2016.
             Slain by a wyvern zombie (13 damage)
             ... on level 4 of the Dungeon.
             The game lasted 00:06:39 (4913 turns).

Dunking the Poker (Centaur Chaos Knight)            Turns: 4913, Time: 00:06:40

Health: -2/46      AC: 18    Str: 23    XL:     5   Next: 96%
Magic:  0/0        EV:  7    Int: 18    God:    Xom [.....*]
Gold:   139        SH:  0    Dex: 14    Spells: 0 memorised, 4 levels left

rFire  . . .     SeeInvis .     a - +0 spear (chaos)
rCold  + + .     Gourm    +     h - +2 leather armour
rNeg   . . .     Faith    .     (no shield)
rPois  +         Spirit   .     x - +0 helmet "Kebuoshra" {rC++ MP-9 Str+4 Stlth+}
rElec  +         Reflect  .     (no cloak)
rCorr  .         Harm     .     y - +1 pair of gloves
MR     +....                    r - +2 centaur barding of Wofuc {rC- Int+7 Dex+5}
Stlth  ++........               n - amulet of the gourmand
                                B - ring of protection from magic
                                A - ring of poison resistance

@: very quick
A: hooves 3, thin metallic scales 1, cold resistance 1, deformed body, speed 2,
electricity resistance, strong 2, tough skin 3, wild magic 2, evolution 1
a: Renounce Religion


You were on level 4 of the Dungeon.
You worshipped Xom.
You were Xom's teddy bear.
You were completely stuffed.

You visited 1 branch of the dungeon, and saw 4 of its levels.

You collected 139 gold pieces.

Inventory:

Hand Weapons
 a - a +0 spear of chaos (weapon)
 b - a +0 mace
Missiles
 e - 43 poisoned needles
 p - 35 arrows
 t - 4 tomahawks (quivered)
Armour
 h - a +2 leather armour (worn)
 r - the +2 centaur barding of Wofuc (worn) {rC- Int+7 Dex+5}
   (Xom gifted it to you on level 3 of the Dungeon)

   It affects your intelligence (+7).
   It affects your dexterity (+5).
   It makes you vulnerable to cold.
 x - the +0 helmet "Kebuoshra" (worn) {rC++ MP-9 Str+4 Stlth+}
   (Xom gifted it to you on level 4 of the Dungeon)

   It affects your strength (+4).
   It greatly protects you from cold.
   It affects your magic capacity (-9).
   It makes you more stealthy.
 y - a +1 pair of gloves (worn)
Magical Staves
 c - an uncursed staff of energy
Jewellery
 n - an amulet of the gourmand (around neck)
 A - a ring of poison resistance (left hand)
 B - a ring of protection from magic (right hand)
Wands
 s - a wand of lightning (8/15)
Scrolls
 d - a scroll of enchant armour {unknown}
 g - a scroll of immolation {unknown}
 i - 3 scrolls of remove curse {unknown}
 j - a scroll of blinking {unknown}
 k - 2 scrolls of noise {unknown}
 l - a scroll of magic mapping {unknown}
 m - 2 scrolls of amnesia {unknown}
 o - a scroll of fear {unknown}
 w - a scroll of random uselessness {unknown}
Potions
 z - 2 potions of curing {unknown}
Comestibles
 f - 7 fruits
 q - 3 meat rations
 u - 5 bread rations
 v - 2 chunks of flesh


   Skills:
 + Level 4.1 Fighting
 + Level 4.6 Polearms
 + Level 2.5 Armour
 - Level 0.6 Dodging
 + Level 0.6 Evocations


You had 4 spell levels left.
You didn't know any spells.

Dungeon Overview and Level Annotations

Branches:
Dungeon (4/15)
 Temple: D:4-7

Altars:
Xom


Innate Abilities, Weirdness & Mutations

You have hooves in place of feet.
Armour fits poorly on your strangely shaped body.
You cover ground very quickly.
You have extremely tough skin. (AC +3)
You are partially covered in thin metallic scales. (AC +2)
Your flesh is cold resistant. (rC+)
You are resistant to electric shocks. (rElec)
Your muscles are very strong. (Str +4)
Your spells are harder to cast, but more powerful.
You evolve.


Message History

You feel sick.
You are no longer poisoned.
You start resting.
A gnoll opens the door.
There is an open door here.
A wyvern zombie comes into view.
You hit the wyvern zombie but do no damage.
There is a sudden explosion of sparks!
The wyvern zombie is moderately damaged.
The wyvern zombie bites you.
You hit the wyvern zombie but do no damage.
The wyvern zombie is moderately damaged.
The wyvern zombie bites you!
* * * LOW HITPOINT WARNING * * *
You hit the wyvern zombie but do no damage.
The wyvern zombie is moving more slowly.
The wyvern zombie is moderately damaged.
The wyvern zombie bites you!
You die...
Xom cackles wildly!

...........'.........+
.#.##....#.#.รท.......#
# #..#.#.##.......##
.........###g....##
#.##..#.### ##...## #
##.#.# ##'## #.#.# #.#
#.# #.# #@# #...Z.#
#.....# #......#
#....#.# ........
##..... ## #######


You could see a wyvern zombie (petrifying).

Vanquished Creatures
  A howler monkey (D:4)
  An orc priest (D:4)
  An iguana (D:4)
  5 adders
  4 gnolls (D:2)
  3 worms
  3 orcs (D:4)
  A ball python (D:2)
  4 giant cockroaches
  7 goblins
  5 hobgoblins
  10 jackals
  6 kobolds
  2 quokkas
  9 bats
  4 frilled lizards
  6 rats
72 creatures vanquished.

Vanquished Creatures (collateral kills)
  A bat (D:1)
1 creature vanquished.

Vanquished Creatures (others)
  A jackal (D:4)
1 creature vanquished.

Grand Total: 74 creatures vanquished

Notes
Turn   | Place    | Note
-------+----------+-------------------------------------------
     0 | D:1      | Dunking the Centaur Chaos Knight began the quest for the Orb.
     0 | D:1      | Reached XP level 1. HP: 19/19 MP: 1/1
   106 | D:1      | XOM: harmless Air miscast
   221 | D:1      | Reached XP level 2. HP: 10/26 MP: 2/2
   409 | D:1      | XOM: silly message
   546 | D:1      | XOM: cloud trail
  1013 | D:1      | XOM: harmless Erth miscast
  1168 | D:2      | Reached XP level 3. HP: 31/31 MP: 3/3
  1406 | D:2      | XOM: potion effect (berserk rage)
  1414 | D:2      | Reached XP level 4. HP: 38/38 MP: 4/4
  1461 | D:2      | XOM: harmless Chrm miscast
  1596 | D:2      | XOM: harmless Tmut miscast
  2079 | D:3      | XOM: silly message
  2397 | D:3      | XOM: harmless Ice miscast
  2643 | D:3      | XOM: harmless Conj miscast
  2681 | D:3      | XOM: divination: magic mapping
  3064 | D:3      | Reached XP level 5. HP: 45/45 MP: 5/5
  3077 | D:3      | XOM: give mutations
  3077 | D:3      | Gained mutation: Your flesh is cold resistant. (rC+) [Xom's grace]
  3077 | D:3      | Gained mutation: You are partially covered in thin metallic scales. (AC +2) [Xom's grace]
  3344 | D:3      | XOM: god gift: thick glowing staff {god gift}
  3523 | D:3      | XOM: give mutations
  3523 | D:3      | Gained mutation: Your muscles are strong. (Str +2) [Xom's grace]
  3523 | D:3      | Gained mutation: Your spells are a little harder to cast, but a little more powerful. [Xom's grace]
  3523 | D:3      | Gained mutation: Your spells are harder to cast, but more powerful. [Xom's grace]
  3523 | D:3      | Gained mutation: You are somewhat resistant to further mutation. [Xom's grace]
  3681 | D:3      | XOM: scenery: 2 doors close
  3852 | D:3      | XOM: give mutations
  3852 | D:3      | Gained mutation: Your muscles are very strong. (Str +4) [Xom's grace]
  3852 | D:3      | Lost mutation: You are somewhat resistant to further mutation. [Xom's grace]
  3852 | D:3      | Gained mutation: You evolve. [Xom's grace]
  4212 | D:3      | XOM: god gift: blackened centaur barding {god gift}
  4213 | D:3      | Got a blackened centaur barding {god gift}
  4219 | D:3      | Identified the +2 centaur barding of Wofuc {rC- Int+7 Dex+5} (Xom gifted it to you on level 3 of the Dungeon)
  4494 | D:4      | XOM: god gift: encrusted helmet {god gift}
  4495 | D:4      | Got an encrusted helmet {god gift}
  4503 | D:4      | Identified the +0 helmet "Kebuoshra" {rC++ MP-9 Str+4 Stlth+} (Xom gifted it to you on level 4 of the Dungeon)
  4618 | D:4      | XOM: give mutation
  4618 | D:4      | Gained mutation: You are resistant to electric shocks. (rElec) [Xom's grace]
  4649 | D:4      | XOM: scenery: create altars
  4913 | D:4      | Slain by a wyvern zombie

Vault maps used:
D:1:      dpeg_arrival_court, hex_intersection, minivault_25
D:3:      first_bread
D:4:      grunt_dithmenos_shadows, uniq_robin

Skill      XL: |  1  2  3  4  5 |
---------------+----------------+-----
Polearms       | 3 4 |  4.6
Armour         | 2 |  2.5
Fighting       | 4 |  4.1
Dodging        | |  0.6
Evocations     | |  0.6

Action                   |  1- 3 |  4- 6 || total
-------------------------+-------+-------++-------
Melee: Spear             |    97 |   168 ||   265
       Kick              |    12 |    39 ||    51
Throw: Tomahawk          |       |     4 ||     4
 Stab: Petrified         |       |     3 ||     3
       Petrifying        |       |     1 ||     1
       Confused          |       |     2 ||     2
       Sleeping          |       |     1 ||     1
  Eat: Chunk             |     1 |    26 ||    27
       Fruit             |       |     1 ||     1
Armor: Leather armour    |    56 |    97 ||   153
Dodge: Dodged            |    71 |    68 ||   139
